 Dungeon Crawl Stone Soup version 0.28-a0-1568-g77cbbf62ba (webtiles) character file.

Game seed: 4353368156895112993

1918 Wonz the Covert (level 8, -3/36 HPs)
             Began as a Spriggan Enchanter on Jan 20, 2022.
             Slain by an orc (4 damage)
             ... on level 7 of the Dungeon.
             The game lasted 00:14:52 (8173 turns).

Wonz the Covert (Spriggan Enchanter)                Turns: 8173, Time: 00:14:53

Health: -3/36      AC:  3    Str:  6    XL:     8   Next: 95%
Magic:  17/21      EV: 22    Int: 16    God:
Gold:   272        SH:  0    Dex: 22    Spells: 13/24 levels left

rFire   . . .      SeeInvis +   a - +2 dagger
rCold   . . .      Faith    .   p - orb {guile}
rNeg    . . .      Spirit   .   b - +1 robe
rPois   .          Reflect  .   (helmet restricted)
rElec   .          Harm     .   (no cloak)
rCorr   .          Rampage  .   (gloves unavailable)
Will    .....                   (boots unavailable)
Stlth   +++++.....              (no amulet)
HPRegen 0.12/turn               e - +6 ring of dexterity
MPRegen 0.17/turn               A - +4 ring of evasion

@: very quick
A: very small, no large weapons, unfitting armour, see invisible, speed 3
a: no special abilities


You were on level 7 of the Dungeon.
You visited 1 branch of the dungeon, and saw 7 of its levels.
You also visited: Sewer and Ossuary.

You collected 272 gold pieces.

Inventory:

Hand Weapons
 a - a +2 dagger (weapon)
Missiles
 g - 3 throwing nets (quivered)
Armour
 b - a +1 robe (worn)
 p - an orb of guile (worn)
Jewellery
 e - a +6 ring of dexterity (left hand)
 s - a ring of wizardry
 v - a ring of resist corrosion
 A - a +4 ring of evasion (right hand)
Wands
 i - a wand of polymorph (9)
 y - a wand of flame (12)
 z - a wand of iceblast (17)
Scrolls
 n - 2 scrolls of magic mapping
 r - a scroll of immolation
 t - 2 scrolls of teleportation
 x - 2 scrolls of identify
Potions
 c - 2 potions of brilliance
 d - 3 potions of flight
 f - a potion of magic {unknown}
 h - 3 potions of curing
 j - 2 potions of degeneration {unknown}
 k - a potion of heal wounds {unknown}
 l - a potion of might {unknown}
 m - 2 potions of haste {unknown}
 o - 2 potions of lignification
 q - 2 potions of resistance {unknown}
 u - a potion of attraction {unknown}
 w - a potion of invisibility


   Skills:
 - Level 1.1 Short Blades
 - Level 2.6 Dodging
 * Level 10.6 Stealth
 + Level 8.8 Spellcasting
 + Level 9.1 Hexes


You had 13 spell levels left.
You knew the following spells:

 Your Spells              Type           Power      Damage    Failure   Level
a - Ensorcelled Hibernat  Hex/Ice        42%        N/A       2%          2
b - Tukima's Dance        Hex            36%        N/A       1%          3
c - Dazzling Flash        Conj/Hex       42%        N/A       4%          3
d - Confusing Touch       Hex            36%        N/A       1%          3

Your spell library contained the following spells:

 Spells                   Type           Power      Damage    Failure   Level
 Portal Projectile        Hex/Tloc       42%        N/A       4%          3
 Leda's Liquefaction      Hex/Erth       10%        N/A       16%         4
 Call Canine Familiar     Summ           7%         N/A       30%         3
 Ignite Poison            Fire/Tmut/Pois 7%         N/A       30%         3
 Mephitic Cloud           Conj/Pois/Air  7%         N/A       30%         3
 Freezing Cloud           Conj/Ice/Air   3%         6-21      96%         5


Dungeon Overview and Level Annotations

Branches:
Dungeon (7/15)              Sewer (visited)         Ossuary (visited)
 Temple: D:4-7

Altars:
Gozag

Shops:
D:2 (


Innate Abilities, Weirdness & Mutations

You are very small and have problems with some larger weapons.
You are too small for most types of armour.
You have supernaturally acute eyesight. (SInv)
You cover ground extremely quickly. (Speed+++)


Message History

Where to? (Enter - D:7, ? - help)
There is a stone staircase leading down, spattered with blood here.
You climb downwards.
The ogre completely misses you. The orc completely misses you.
An orc priest comes into view. It is wielding a +0 hand axe.
The orc closely misses you.
There is a stone staircase leading up, spattered with blood here.
Casting: Ensorcelled Hibernation (safe; 2% risk of failure)
Confirm with . or Enter, or press ? or * to list all spells.
Aiming: Ensorcelled Hibernation (safe; 2% risk of failure)
Press: ? - help, Shift-Dir - straight line, f - ogre
Aim: an ogre, wielding a +0 giant club (chance to affect: 71%)
The ogre resists with significant effort.
The orc priest shouts!
The ogre completely misses you. The orc hits you with a +0 club.
Unknown command.
Casting: Ensorcelled Hibernation (safe; 2% risk of failure)
Confirm with . or Enter, or press ? or * to list all spells.
Aiming: Ensorcelled Hibernation (safe; 2% risk of failure)
Press: ? - help, Shift-Dir - straight line, f/p - ogre
Aim: an ogre, wielding a +0 giant club (chance to affect: 71%)
The ogre looks drowsy...
The orc priest calls down the wrath of Beogh upon you.
Beogh smites you! The orc completely misses you.
Unknown command.
The helpless ogre fails to defend itself.
You spit the ogre like a pig!!!
You kill the ogre!
The orc priest calls down the wrath of Beogh upon you.
Pain shoots through your body!
* * * LOW HITPOINT WARNING * * *
The orc completely misses you.
Okay, then.
Unknown command.
Unknown command.
The orc priest mumbles some strange prayers to Beogh against you.
Beogh smites you!
* * * LOW HITPOINT WARNING * * *
The orc hits you with a +0 club.
You die...

............
...........
.....Y....##
...........###
.............##
...............
........o.)..#
......[@o.[.#
....!.###o.....
..... .##..
.... # ... .> .


You could see an ice beast, an orc priest and 2 orcs.

Vanquished Creatures
  A wyvern (D:6)
  The ghost of Thargor the Ducker, an amateur DjFE (D:3)
  Pargi (Sewer)
  4 orc warriors
  An ogre (D:7)
  A phantom (D:4)
  5 scorpions
  A water moccasin zombie (D:5)
  A howler monkey (D:6)
  A crimson imp (D:4)
  2 hounds
  A jelly (D:6)
  2 orc priests
  A centaur skeleton (D:6)
  Ijyb (D:3)
  An iguana (D:6)
  2 orc wizards
  Robin (D:2)
  A howler monkey zombie (D:6)
  5 adders
  2 gnolls (D:4)
  2 shadow imps
  2 white imps
  An ufetubus (D:5)
  2 worms (D:3)
  2 dart slugs (D:4)
  7 orcs
  7 endoplasms
  6 giant cockroaches
  17 goblins
  3 hobgoblins
  5 jackals
  9 kobolds
  3 quokkas
  8 ball pythons
  5 bats
  4 frilled lizards
  4 rats
123 creatures vanquished.

Vanquished Creatures (collateral kills)
  An ogre (D:6)
  A gnoll (D:4)
  4 orcs
6 creatures vanquished.

Vanquished Creatures (others)
  4 dancing weapons
4 creatures vanquished.

Grand Total: 133 creatures vanquished

Notes
Turn   | Place    | Note
-------+----------+-------------------------------------------
     0 | D:1      | Wonz the Spriggan Enchanter began the quest for the Orb.
     0 | D:1      | Reached XP level 1. HP: 9/9 MP: 5/5
   877 | D:2      | Reached XP level 2. HP: 6/13 MP: 7/7
  1197 | D:2      | Learned a level 2 spell: Ensorcelled Hibernation
  1390 | D:1      | Found a faded altar of an unknown god.
  2211 | D:2      | Found Fuco Siu's Antique Weapon Boutique.
  2280 | D:2      | Reached XP level 3. HP: 16/16 MP: 6/9
  2500 | D:2      | Noticed Robin
  3076 | D:2      | Killed Robin
  3367 | D:2      | Learned a level 3 spell: Tukima's Dance
  3371 | D:2      | Learned a level 3 spell: Dazzling Flash
  3513 | D:3      | Reached XP level 4. HP: 21/21 MP: 11/11
  3520 | D:3      | Reached skill level 5 in Hexes
  3716 | D:3      | Noticed Ijyb
  3724 | D:3      | Killed Ijyb
  3885 | D:3      | Found a glowing drain.
  3906 | Sewer    | Entered a sewer
  4029 | Sewer    | Noticed Pargi
  4039 | Sewer    | Killed Pargi
  4040 | Sewer    | Reached skill level 5 in Spellcasting
  4040 | Sewer    | Reached XP level 5. HP: 24/24 MP: 9/13
  4236 | D:3      | Found a runed translucent door.
  4363 | D:3      | Noticed Thargor's ghost (amateur DjFE)
  4624 | D:3      | Learned a level 3 spell: Confusing Touch
  4640 | D:3      | Killed Thargor's ghost
  4641 | D:3      | Reached XP level 6. HP: 22/28 MP: 14/16
  5343 | D:4      | Reached XP level 7. HP: 24/32 MP: 4/18
  5977 | D:5      | Entered Level 5 of the Dungeon
  5977 | D:5      | Found an opulent altar of Gozag.
  5982 | D:5      | Reached skill level 5 in Stealth
  6050 | D:5      | Reached skill level 6 in Stealth
  6051 | D:5      | Found a sand-covered staircase.
  6089 | Ossuary  | Entered an ossuary
  7094 | D:6      | Reached skill level 7 in Stealth
  7094 | D:6      | Reached XP level 8. HP: 21/36 MP: 9/20
  7106 | D:6      | Reached skill level 8 in Stealth
  7835 | D:7      | Reached skill level 9 in Stealth
  7931 | D:6      | Reached skill level 10 in Stealth
  8173 | D:7      | HP: 1/36 [orc priest/divine providence (9)]
  8173 | D:7      | Slain by an orc

Illustrated notes

Levels and vault maps discovered:
D:1:      saegor_arrival_simple_c, layout_basic,
          hellmonk_ecumenical_altar_crossroads
D:2:      layout_basic, serial_shops, nicolae_lakefront_shop, uniq_robin
D:3:      layout_rooms, ebering_ghost_reflecting_pool,
          cheibrodos_sewer_entry_bend, uniq_ijyb
D:4:      layout_gridville, serial_glass, glass_columns_a, glass_columns_b,
          minmay_fire_ice_demons
D:5:      layout_loops_ring, mainiacjoe_overflow_small_starburst,
          nicolae_ossuary_entry_monument
D:6:      layout_basic
D:7:      layout_cave_pools, minmay_temple_entry_drinking_statues, uniq_duvessa

Skill      XL: |  1  2  3  4  5  6  7  8 |
---------------+-------------------------+-----
Spellcasting   | 3 4 5 6 7 8 |  8.8
Hexes          | 4 6 7 8 9 |  9.1
Stealth        | 7 10 | 10.6
Short Blades   | |  1.1
Dodging        | |  2.6

Action                   |  1- 3 |  4- 6 |  7- 9 || total
-------------------------+-------+-------+-------++-------
Melee: Dagger            |   145 |   133 |   106 ||   384
       Punch             |       |     1 |       ||     1
 Cast: Ensorcelled Hiber |    14 |     9 |    34 ||    57
       Confusing Touch   |       |     3 |     7 ||    10
       Tukima's Dance    |       |     4 |    11 ||    15
       Dazzling Flash    |       |       |     2 ||     2
Evoke: Wand              |       |       |     2 ||     2
  Use: Scroll            |     5 |     4 |     4 ||    13
       Potion            |     3 |     1 |       ||     4
 Stab: Sleeping          |    21 |    20 |    29 ||    70
       Distracted        |     1 |       |       ||     1
       Confused          |       |     4 |     7 ||    11
       Invisible         |       |       |     1 ||     1
Armor: Skin              |     5 |       |       ||     5
       Robe              |     6 |    15 |    10 ||    31
Dodge: Dodged            |   114 |    96 |   108 ||   318

Table legend: (Time is in decaauts)
 A = Elapsed time spent in this place.
 B = Non-inter-level travel time spent in this place.
 C = Inter-level travel time spent in this place.
 D = Time resting spent in this place.
 E = Time spent auto-exploring this place.
 F = Levels seen in this place.
 G = Mean time per level.
                   A        B        C        D        E       F      G
               +--------+--------+--------+--------+--------+-----+--------+
         Total |   6671 |   6531 |    140 |   1765 |   3570 |   9 |  741.2 |
       Dungeon |   6419 |   6279 |    140 |   1765 |   3406 |   7 |  917.0 |
         Sewer |    229 |    229 |      0 |      0 |    154 |   1 |  229.0 |
       Ossuary |     23 |     23 |      0 |      0 |      9 |   1 |   23.0 |
               +--------+--------+--------+--------+--------+-----+--------+

Top non-repeatable levels by time:
     D:1: 1580 daAuts
     D:2: 1327 daAuts
     D:6: 958 daAuts
     D:4: 943 daAuts
     D:3: 881 daAuts
     D:5: 713 daAuts
   Sewer: 229 daAuts
 Ossuary: 23 daAuts
     D:7: 13 daAuts
